1924 views
Uploaded 2023-01-25 02:52:12
Game version 1.35 (6115)
40:09 long 3on3 ladder game on (6)TimbermawHold
Saved by GIGA
1924 views
Uploaded 2023-01-25 02:52:12
Game version 1.35 (6115)
40:09 long 3on3 ladder game on (6)TimbermawHold


102 units @ 14.1k
/ 2.5k
163 buildings @ 12.3k
/ 6.6k


| Peasant | 18 | 1350 | / | 0 |
| Mortar Team | 6 | 1080 | / | 420 |
| Flying Machine | 16 | 1600 | / | 480 |
| Green Dragon | 4 | 2980 | / | 800 |
| Green Dragon Whelp | 3 | 645 | / | 60 |
| Green Drake | 2 | 730 | / | 160 |
| total: | 49 | 8385g | / | 1920w |
| Scout Tower | 57 | 1710 | / | 1140 |
| Arcane Tower | 7 | 490 | / | 350 |
| Guard Tower | 23 | 1610 | / | 1150 |
| Altar of Kings | 1 | 180 | / | 50 |
| Farm | 16 | 1280 | / | 320 |
| Lumber Mill | 1 | 120 | / | 0 |
| Blacksmith | 1 | 140 | / | 60 |
| Workshop | 3 | 420 | / | 420 |
| Keep | 1 | 320 | / | 210 |
| Castle | 1 | 360 | / | 210 |
| total: | 79 | 3850g | / | 1990w |
| 0:02 | Peasant |
| 0:06 | Peasant |
| 0:18 | Altar of Kings |
| 0:19 | Peasant |
| 0:24 | Peasant |
| 0:32 | Farm |
| 0:48 | Lumber Mill |
| 0:50 | Peasant |
| 0:53 | Peasant |
| 0:59 | Farm |
| 1:03 | Peasant |
| 1:16 | Scout Tower |
| 1:18 | Peasant |
| 1:24 | Peasant |
| 1:48 | Arcane Tower |
| 1:50 | Peasant |
| 2:07 | Farm |
| 2:09 | Scout Tower |
| 2:12 | Peasant |
| 2:23 | Storm Bolt |
| 2:24 | Peasant |
| 2:28 | Scout Tower |
| 3:02 | Scout Tower |
| 3:04 | Scout Tower |
| 3:05 | Scout Tower |
| 3:06 | Scout Tower |
| 3:13 | Guard Tower |
| 3:15 | Peasant |
| 3:15 | Peasant |
| 3:16 | Peasant |
| 3:30 | Guard Tower |
| 3:33 | Scout Tower |
| 3:33 | Scout Tower |
| 3:34 | Scout Tower |
| 3:35 | Guard Tower |
| 3:45 | Guard Tower |
| 3:49 | Peasant |
| 3:58 | Scout Tower |
| 4:03 | Scout Tower |
| 4:06 | Scout Tower |
| 4:06 | Scout Tower |
| 4:07 | Scout Tower |
| 4:13 | Scout Tower |
| 4:13 | Scout Tower |
| 4:25 | Guard Tower |
| 4:29 | Peasant |
| 4:29 | Peasant |
| 4:30 | Improved Lumber Harvesting |
| 4:41 | Guard Tower |
| 4:42 | Scout Tower |
| 4:43 | Scout Tower |
| 4:57 | Guard Tower |
| 5:00 | Scout Tower |
| 5:07 | Guard Tower |
| 5:08 | Scout Tower |
| 5:09 | Scout Tower |
| 5:20 | Guard Tower |
| 5:22 | Scout Tower |
| 5:23 | Scout Tower |
| 5:26 | Guard Tower |
| 5:31 | Improved Masonry |
| 5:45 | Scout Tower |
| 5:45 | Scout Tower |
| 5:46 | Scout Tower |
| 5:51 | Scout Tower |
| 5:52 | Scout Tower |
| 5:53 | Scout Tower |
| 5:54 | Arcane Tower |
| 5:55 | Guard Tower |
| 6:24 | Guard Tower |
| 6:26 | Scout Tower |
| 6:27 | Scout Tower |
| 6:27 | Scout Tower |
| 6:30 | Guard Tower |
| 6:40 | Keep |
| 6:41 | Guard Tower |
| 6:47 | Guard Tower |
| 7:08 | Guard Tower |
| 7:24 | Arcane Tower |
| 7:26 | Arcane Tower |
| 7:59 | Scout Tower |
| 8:01 | Scout Tower |
| 8:27 | Scout Tower |
| 8:27 | Scout Tower |
| 8:29 | Arcane Tower |
| 9:06 | Castle |
| 9:08 | Blacksmith |
| 9:23 | Arcane Tower |
| 9:26 | Scout Tower |
| 9:27 | Scout Tower |
| 9:29 | Scout Tower |
| 9:30 | Guard Tower |
| 9:31 | Scout Tower |
| 9:48 | Advanced Lumber Harvesting |
| 9:48 | Advanced Masonry |
| 9:55 | Farm |
| 9:56 | Farm |
| 9:57 | Farm |
| 10:21 | Black Gunpowder |
| 10:22 | Iron Plating |
| 10:29 | Farm |
| 10:30 | Farm |
| 10:32 | Farm |
| 10:36 | Guard Tower |
| 10:38 | Scout Tower |
| 10:39 | Scout Tower |
| 10:42 | Scout Tower |
| 10:43 | Scout Tower |
| 10:45 | Scout Tower |
| 10:45 | Scout Tower |
| 10:51 | Farm |
| 11:00 | Farm |
| 11:08 | Scout Tower |
| 11:10 | Arcane Tower |
| 11:27 | Holy Light |
| 11:37 | Workshop |
| 11:38 | Workshop |
| 11:39 | Workshop |
| 11:51 | Scout Tower |
| 11:51 | Scout Tower |
| 11:52 | Scout Tower |
| 11:52 | Scout Tower |
| 11:53 | Scout Tower |
| 12:04 | Scout Tower |
| 12:12 | Refined Gunpowder |
| 12:19 | Flak Cannons |
| 12:19 | Flare |
| 12:25 | Flying Machine Bombs |
| 12:27 | Fragmentation Shards |
| 12:29 | Farm |
| 12:31 | Guard Tower |
| 12:36 | Farm |
| 12:46 | Imbued Masonry |
| 12:54 | Guard Tower |
| 13:00 | Guard Tower |
| 13:03 | Mortar Team |
| 13:15 | Scout Tower |
| 13:16 | Scout Tower |
| 13:18 | Scout Tower |
| 13:41 | Guard Tower |
| 13:45 | Imbued Gunpowder |
| 13:45 | Steel Plating |
| 14:03 | Flying Machine |
| 14:03 | Flying Machine |
| 14:03 | Flying Machine |
| 14:03 | Flying Machine |
| 14:03 | Flying Machine |
| 14:04 | Flying Machine |
| 14:04 | Flying Machine |
| 14:47 | Flying Machine |
| 14:47 | Flying Machine |
| 14:47 | Flying Machine |
| 15:13 | Flying Machine |
| 15:18 | Guard Tower |
| 15:23 | Flying Machine |
| 15:41 | Flying Machine |
| 16:46 | Mithril Plating |
| 17:27 | Mortar Team |
| 20:50 | Flying Machine |
| 20:50 | Flying Machine |
| 20:50 | Flying Machine |
| 23:06 | Green Dragon |
| 27:38 | Green Dragon |
| 31:47 | Green Dragon |
| 32:58 | Mortar Team |
| 32:58 | Mortar Team |
| 32:59 | Mortar Team |
| 33:04 | Mortar Team |
| 36:06 | Green Dragon Whelp |
| 36:10 | Farm |
| 36:12 | Farm |
| 36:12 | Farm |
| 36:40 | Green Dragon |
| 39:30 | Green Drake |
| 39:31 | Green Dragon Whelp |
| 39:34 | Green Drake |
| 39:35 | Green Dragon Whelp |
| 39:43 | Avatar |
| 39:45 | Divine Shield |
| Right click | 1613 |
| Select group | 1250 |
| Select | 566 |
| Misc. action | 132 |
| Build/train/purchase | 112 |
| Assign group | 37 |
| Minimap ping | 24 |
| Use ability | 14 |
| Resource trade | 8 |
| Esc | 3 |
| Remove unit | 2 |
Cabeelibob
(194)
(39:50) : 


| Boots of Speed | 1 | 250 |
| Tiny Great Hall | 1 | 600 |
| total: | 2 | 850g |
| Peasant | 21 | 1575 | / | 0 |
| Dragonhawk Rider | 6 | 1200 | / | 180 |
| Green Dragon Whelp | 1 | 215 | / | 20 |
| total: | 28 | 2990g | / | 200w |
| Scout Tower | 38 | 1140 | / | 760 |
| Guard Tower | 12 | 840 | / | 600 |
| Arcane Tower | 3 | 210 | / | 150 |
| Altar of Kings | 1 | 180 | / | 50 |
| Farm | 4 | 320 | / | 80 |
| Lumber Mill | 1 | 120 | / | 0 |
| Town Hall | 5 | 1925 | / | 1025 |
| Arcane Vault | 1 | 130 | / | 30 |
| Gryphon Aviary | 1 | 140 | / | 150 |
| Keep | 1 | 320 | / | 210 |
| Castle | 1 | 360 | / | 210 |
| total: | 51 | 3955g | / | 2095w |
| 0:04 | Altar of Kings |
| 0:08 | Farm |
| 0:09 | Peasant |
| 0:19 | Peasant |
| 0:27 | Peasant |
| 0:37 | Peasant |
| 0:48 | Lumber Mill |
| 1:01 | Peasant |
| 1:16 | Peasant |
| 1:24 | Farm |
| 1:25 | Peasant |
| 1:28 | Peasant |
| 1:46 | Peasant |
| 1:56 | Peasant |
| 1:58 | Improved Masonry |
| 2:00 | Improved Lumber Harvesting |
| 2:04 | Peasant |
| 2:30 | Peasant |
| 3:11 | Town Hall |
| 3:17 | Peasant |
| 3:24 | Farm |
| 3:50 | Peasant |
| 3:51 | Peasant |
| 4:25 | Keep |
| 4:38 | Peasant |
| 4:38 | Peasant |
| 5:15 | Scout Tower |
| 5:16 | Scout Tower |
| 5:16 | Scout Tower |
| 6:20 | Farm |
| 6:30 | Guard Tower |
| 6:32 | Scout Tower |
| 6:33 | Scout Tower |
| 6:33 | Scout Tower |
| 6:40 | Scout Tower |
| 6:52 | Castle |
| 6:54 | Advanced Masonry |
| 7:16 | Scout Tower |
| 7:17 | Scout Tower |
| 7:19 | Scout Tower |
| 7:19 | Scout Tower |
| 7:20 | Scout Tower |
| 7:22 | Guard Tower |
| 7:24 | Guard Tower |
| 7:52 | Holy Light |
| 8:06 | Arcane Tower |
| 8:08 | Guard Tower |
| 8:16 | Arcane Tower |
| 8:23 | Scout Tower |
| 8:25 | Scout Tower |
| 8:29 | Scout Tower |
| 8:29 | Scout Tower |
| 9:40 | Guard Tower |
| 10:04 | Scout Tower |
| 10:05 | Scout Tower |
| 10:55 | Imbued Masonry |
| 11:01 | Guard Tower |
| 11:04 | Scout Tower |
| 11:05 | Scout Tower |
| 11:42 | Gryphon Aviary |
| 11:47 | Arcane Vault |
| 12:07 | Guard Tower |
| 12:09 | Scout Tower |
| 12:10 | Scout Tower |
| 12:37 | Boots of Speed |
| 13:01 | Guard Tower |
| 13:05 | Scout Tower |
| 13:08 | Cloud |
| 13:16 | Scout Tower |
| 13:17 | Scout Tower |
| 13:26 | Tiny Great Hall |
| 13:47 | Guard Tower |
| 14:06 | Peasant |
| 14:06 | Peasant |
| 14:32 | Brilliance Aura |
| 19:39 | Storm Bolt |
| 19:41 | Holy Light |
| 19:42 | Storm Bolt |
| 20:11 | Blizzard |
| 20:49 | Town Hall |
| 20:51 | Scout Tower |
| 20:52 | Scout Tower |
| 20:53 | Scout Tower |
| 20:54 | Scout Tower |
| 21:01 | Dragonhawk Rider |
| 21:01 | Dragonhawk Rider |
| 21:01 | Dragonhawk Rider |
| 21:01 | Dragonhawk Rider |
| 21:32 | Guard Tower |
| 21:35 | Scout Tower |
| 21:35 | Scout Tower |
| 21:37 | Scout Tower |
| 21:41 | Scout Tower |
| 22:11 | Guard Tower |
| 22:18 | Scout Tower |
| 22:20 | Scout Tower |
| 22:22 | Scout Tower |
| 22:25 | Scout Tower |
| 25:00 | Bash |
| 26:05 | Bash |
| 26:07 | Divine Shield |
| 26:13 | Guard Tower |
| 26:16 | Scout Tower |
| 26:55 | Dragonhawk Rider |
| 26:56 | Dragonhawk Rider |
| 27:50 | Town Hall |
| 28:35 | Town Hall |
| 30:33 | Storm Bolt |
| 30:34 | Storm Bolt |
| 32:12 | Holy Light |
| 32:29 | Arcane Tower |
| 32:40 | Town Hall |
| 34:36 | Peasant |
| 34:37 | Peasant |
| 35:30 | Green Dragon Whelp |
| 38:17 | Avatar |
| 38:19 | Holy Light |
| Right click | 1029 |
| Select group | 356 |
| Select | 332 |
| Misc. action | 145 |
| Build/train/purchase | 99 |
| Resource trade | 85 |
| Use ability | 63 |
| Assign group | 15 |
| Minimap ping | 10 |
| Chat | 7 |
| Esc | 4 |
| Remove unit | 2 |
GIGA
(207)
(40:02) : 

| Healing Salve | 1 | 100 |
| Lesser Clarity Potion | 3 | 210 |
| Orb of Lightning | 1 | 375 |
| Boots of Speed | 1 | 250 |
| Staff of Teleportation | 2 | 300 |
| total: | 8 | 1235g |
| Peon | 14 | 1050 | / | 0 |
| Troll Witch Doctor | 7 | 1015 | / | 175 |
| Troll Batrider | 4 | 640 | / | 160 |
| total: | 25 | 2705g | / | 335w |
| Watch Tower | 20 | 2200 | / | 1600 |
| Altar of Storms | 2 | 360 | / | 100 |
| Orc Burrow | 4 | 640 | / | 160 |
| Voodoo Lounge | 2 | 260 | / | 60 |
| War Mill | 1 | 205 | / | 0 |
| Great Hall | 1 | 385 | / | 185 |
| Spirit Lodge | 2 | 300 | / | 300 |
| Beastiary | 1 | 145 | / | 140 |
| Stronghold | 2 | 630 | / | 380 |
| Fortress | 1 | 325 | / | 190 |
| total: | 33 | 4495g | / | 2545w |
| 0:04 | Peon |
| 0:04 | Peon |
| 0:09 | Altar of Storms |
| 0:12 | Orc Burrow |
| 0:33 | Peon |
| 0:43 | Peon |
| 0:52 | Peon |
| 0:59 | Voodoo Lounge |
| 1:01 | Peon |
| 1:18 | War Mill |
| 1:22 | Peon |
| 1:35 | Peon |
| 1:44 | Peon |
| 2:00 | Peon |
| 2:11 | Healing Salve |
| 2:12 | Lesser Clarity Potion |
| 2:16 | Wind Walk |
| 2:22 | Peon |
| 2:41 | Orc Burrow |
| 2:46 | Watch Tower |
| 2:47 | Watch Tower |
| 2:51 | Watch Tower |
| 2:51 | Watch Tower |
| 4:14 | Storm Bolt |
| 4:40 | Peon |
| 4:40 | Peon |
| 4:41 | Peon |
| 5:20 | Stronghold |
| 5:24 | Watch Tower |
| 5:25 | Watch Tower |
| 6:09 | Critical Strike |
| 6:22 | Spiked Barricades |
| 6:26 | Watch Tower |
| 6:30 | Watch Tower |
| 6:50 | Bash |
| 6:51 | Bash |
| 7:35 | Orc Burrow |
| 7:43 | Fortress |
| 7:48 | Spirit Lodge |
| 9:26 | Watch Tower |
| 9:28 | Watch Tower |
| 9:30 | Reinforced Defenses |
| 9:32 | Witch Doctor Adept Training |
| 9:32 | Troll Witch Doctor |
| 9:32 | Troll Witch Doctor |
| 10:17 | Improved Spiked Barricades |
| 11:40 | Witch Doctor Master Training |
| 11:48 | Watch Tower |
| 11:48 | Watch Tower |
| 11:49 | Watch Tower |
| 11:50 | Watch Tower |
| 12:01 | Boots of Speed |
| 12:02 | Staff of Teleportation |
| 12:29 | Wind Walk |
| 14:08 | Beastiary |
| 14:13 | Troll Witch Doctor |
| 14:13 | Troll Witch Doctor |
| 14:18 | Watch Tower |
| 14:19 | Watch Tower |
| 14:21 | Watch Tower |
| 14:23 | Watch Tower |
| 14:25 | Watch Tower |
| 14:26 | Watch Tower |
| 14:46 | Orb of Lightning |
| 17:09 | Divine Shield |
| 18:02 | Critical Strike |
| 18:39 | Critical Strike |
| 19:27 | Divine Shield |
| 25:08 | Bladestorm |
| 25:30 | Great Hall |
| 25:34 | Altar of Storms |
| 25:36 | Orc Burrow |
| 25:53 | Voodoo Lounge |
| 26:24 | Lesser Clarity Potion |
| 28:14 | Lesser Clarity Potion |
| 28:36 | Staff of Teleportation |
| 30:52 | Stronghold |
| 32:17 | Brilliance Aura |
| 32:18 | Blizzard |
| 33:14 | Spirit Lodge |
| 34:05 | Mirror Image |
| 34:46 | Hex |
| 36:20 | Troll Batrider |
| 36:20 | Troll Batrider |
| 36:20 | Troll Batrider |
| 36:21 | Troll Batrider |
| 36:34 | Troll Witch Doctor |
| 36:34 | Troll Witch Doctor |
| 36:34 | Troll Witch Doctor |
| 38:56 | Healing Wave |
| Right click | 2658 |
| Select | 392 |
| Select group | 288 |
| Build/train/purchase | 120 |
| Use ability | 56 |
| Misc. action | 55 |
| Chat | 47 |
| Resource trade | 42 |
| Minimap ping | 7 |
| Assign group | 6 |
| Item give/drop | 4 |
| Remove unit | 1 |
157 units @ 21.7k
/ 3.3k
105 buildings @ 14.2k
/ 7.9k


| Scroll of Regeneration | 4 | 400 |
| Lesser Clarity Potion | 2 | 140 |
| Potion of Healing | 2 | 300 |
| Potion of Mana | 1 | 200 |
| Orb of Fire | 1 | 325 |
| Scroll of Town Portal | 2 | 700 |
| total: | 12 | 2065g |
| Peasant | 20 | 1500 | / | 0 |
| Footman | 8 | 1080 | / | 0 |
| Sorceress | 4 | 620 | / | 80 |
| Priest | 4 | 540 | / | 40 |
| Knight | 8 | 1960 | / | 480 |
| Siege Engine | 7 | 1365 | / | 420 |
| total: | 51 | 7065g | / | 1020w |
| Scout Tower | 14 | 420 | / | 280 |
| Guard Tower | 13 | 910 | / | 650 |
| Arcane Tower | 3 | 210 | / | 150 |
| Altar of Kings | 1 | 180 | / | 50 |
| Farm | 11 | 880 | / | 220 |
| Barracks | 2 | 320 | / | 120 |
| Arcane Vault | 1 | 130 | / | 30 |
| Town Hall | 4 | 1540 | / | 820 |
| Lumber Mill | 2 | 240 | / | 0 |
| Blacksmith | 1 | 140 | / | 60 |
| Arcane Sanctum | 2 | 300 | / | 280 |
| Workshop | 3 | 420 | / | 420 |
| Keep | 2 | 640 | / | 420 |
| Castle | 2 | 720 | / | 420 |
| total: | 41 | 4570g | / | 2280w |
| 0:01 | Peasant |
| 0:01 | Peasant |
| 0:05 | Altar of Kings |
| 0:18 | Farm |
| 0:19 | Barracks |
| 0:31 | Peasant |
| 0:44 | Peasant |
| 0:52 | Peasant |
| 1:02 | Peasant |
| 1:07 | Farm |
| 1:16 | Peasant |
| 1:21 | Footman |
| 1:39 | Farm |
| 1:47 | Scout Tower |
| 1:49 | Footman |
| 1:58 | Farm |
| 1:59 | Farm |
| 2:02 | Peasant |
| 2:16 | Peasant |
| 2:16 | Peasant |
| 2:16 | Peasant |
| 2:19 | Summon Water Elemental |
| 2:37 | Peasant |
| 2:37 | Peasant |
| 2:44 | Arcane Vault |
| 2:59 | Peasant |
| 3:27 | Town Hall |
| 3:39 | Lumber Mill |
| 3:48 | Brilliance Aura |
| 4:03 | Footman |
| 4:14 | Scroll of Regeneration |
| 4:14 | Scroll of Regeneration |
| 4:28 | Improved Lumber Harvesting |
| 4:28 | Advanced Lumber Harvesting |
| 4:36 | Scout Tower |
| 4:41 | Peasant |
| 4:41 | Peasant |
| 4:50 | Footman |
| 5:07 | Scout Tower |
| 5:08 | Guard Tower |
| 5:11 | Improved Masonry |
| 5:12 | Footman |
| 5:25 | Defend |
| 5:28 | Keep |
| 5:33 | Farm |
| 5:41 | Scout Tower |
| 5:42 | Guard Tower |
| 5:44 | Footman |
| 6:23 | Arcane Tower |
| 6:31 | Blacksmith |
| 6:35 | Arcane Tower |
| 6:50 | Scroll of Regeneration |
| 6:51 | Lesser Clarity Potion |
| 6:54 | Footman |
| 7:20 | Footman |
| 7:51 | Castle |
| 7:57 | Arcane Sanctum |
| 7:59 | Arcane Sanctum |
| 8:34 | Iron Plating |
| 8:50 | Storm Bolt |
| 8:52 | Potion of Healing |
| 8:53 | Potion of Mana |
| 8:53 | Scroll of Regeneration |
| 8:53 | Lesser Clarity Potion |
| 9:05 | Summon Water Elemental |
| 9:37 | Sorceress |
| 9:38 | Priest |
| 9:39 | Sorceress Adept Training |
| 9:39 | Priest Adept Training |
| 9:43 | Steel Plating |
| 9:44 | Iron Forged Swords |
| 10:03 | Scout Tower |
| 10:14 | Sorceress |
| 10:15 | Priest |
| 10:18 | Farm |
| 10:19 | Farm |
| 10:33 | Barracks |
| 10:34 | Animal War Training |
| 10:50 | Knight |
| 11:37 | Knight |
| 11:42 | Farm |
| 11:43 | Farm |
| 12:12 | Advanced Masonry |
| 12:22 | Knight |
| 12:38 | Town Hall |
| 12:44 | Knight |
| 13:06 | Farm |
| 13:20 | Thunder Clap |
| 14:04 | Scroll of Town Portal |
| 14:06 | Orb of Fire |
| 14:07 | Potion of Healing |
| 14:24 | Guard Tower |
| 14:27 | Backpack |
| 14:34 | Magic Sentry |
| 14:45 | Scout Tower |
| 14:49 | Peasant |
| 14:49 | Peasant |
| 15:14 | Priest Master Training |
| 15:15 | Sorceress Master Training |
| 15:48 | Lumber Mill |
| 16:25 | Scout Tower |
| 16:27 | Imbued Masonry |
| 16:31 | Scout Tower |
| 16:41 | Peasant |
| 16:42 | Peasant |
| 16:44 | Scout Tower |
| 17:23 | Brilliance Aura |
| 17:55 | Knight |
| 17:58 | Mithril Plating |
| 18:38 | Knight |
| 18:43 | Arcane Tower |
| 20:13 | Workshop |
| 20:15 | Workshop |
| 20:29 | Guard Tower |
| 20:31 | Scout Tower |
| 20:32 | Scout Tower |
| 20:33 | Scout Tower |
| 20:34 | Scout Tower |
| 20:46 | Control Magic |
| 20:48 | Sorceress |
| 20:48 | Priest |
| 20:54 | Town Hall |
| 20:59 | Guard Tower |
| 21:01 | Guard Tower |
| 21:01 | Guard Tower |
| 21:02 | Guard Tower |
| 22:09 | Town Hall |
| 23:08 | Storm Bolt |
| 23:09 | Storm Bolt |
| 23:40 | Steel Forged Swords |
| 24:46 | Knight |
| 24:46 | Knight |
| 24:47 | Priest |
| 24:47 | Sorceress |
| 25:46 | Siege Engine |
| 25:46 | Siege Engine |
| 25:46 | Siege Engine |
| 25:50 | Workshop |
| 25:52 | Siege Engine |
| 25:59 | Scout Tower |
| 26:43 | Siege Engine |
| 26:45 | Barrage |
| 26:51 | Siege Engine |
| 27:40 | Guard Tower |
| 28:02 | Scroll of Town Portal |
| 29:09 | Siege Engine |
| 29:36 | Thunder Clap |
| Select group | 2071 |
| Right click | 1336 |
| Select | 1275 |
| Misc. action | 439 |
| Build/train/purchase | 192 |
| Assign group | 49 |
| Resource trade | 36 |
| Use ability | 28 |
| Minimap ping | 24 |
| Esc | 10 |
| Item give/drop | 1 |
| Remove unit | 1 |


| Scroll of Healing | 1 | 250 |
| Potion of Lesser Invulnerability | 1 | 150 |
| Boots of Speed | 1 | 250 |
| Periapt of Vitality | 2 | 650 |
| Orb of Lightning | 1 | 375 |
| total: | 6 | 1675g |
| Wisp | 23 | 1380 | / | 0 |
| Chimaera | 3 | 990 | / | 210 |
| Hippogryph | 13 | 2080 | / | 260 |
| Glaive Thrower | 1 | 210 | / | 65 |
| Green Dragon | 1 | 745 | / | 200 |
| Green Drake | 1 | 365 | / | 80 |
| Flying Machine | 9 | 900 | / | 270 |
| total: | 51 | 6670g | / | 1085w |
| Moon Well | 8 | 1440 | / | 320 |
| Altar of Elders | 1 | 180 | / | 50 |
| Hunter's Hall | 1 | 210 | / | 100 |
| Ancient of Wonders | 1 | 90 | / | 30 |
| Tree of Life | 4 | 1360 | / | 740 |
| Ancient of War | 1 | 150 | / | 60 |
| Ancient of Wind | 3 | 450 | / | 420 |
| Chimaera Roost | 5 | 700 | / | 950 |
| Tree of Ages | 3 | 960 | / | 540 |
| Tree of Eternity | 2 | 660 | / | 400 |
| total: | 24 | 4580g | / | 2670w |
| 0:05 | Wisp |
| 0:05 | Wisp |
| 0:06 | Wisp |
| 0:21 | Moon Well |
| 0:23 | Altar of Elders |
| 0:25 | Wisp |
| 0:51 | Wisp |
| 0:51 | Wisp |
| 0:59 | Wisp |
| 1:00 | Wisp |
| 1:00 | Wisp |
| 1:00 | Wisp |
| 1:00 | Wisp |
| 2:03 | Wisp |
| 2:15 | Hunter's Hall |
| 2:16 | Wisp |
| 2:25 | Evasion |
| 2:36 | Ancient of Wonders |
| 3:49 | Tree of Ages |
| 3:53 | Moon Well |
| 4:13 | Reinforced Hides |
| 4:14 | Strength of the Wild |
| 4:51 | Moon Well |
| 5:11 | Immolation |
| 6:10 | Tree of Eternity |
| 6:22 | Ultravision |
| 6:59 | Improved Reinforced Hides |
| 7:24 | Potion of Lesser Invulnerability |
| 7:25 | Boots of Speed |
| 7:26 | Periapt of Vitality |
| 8:33 | Chimaera Roost |
| 8:36 | Chimaera Roost |
| 8:38 | Wisp |
| 8:38 | Wisp |
| 8:38 | Wisp |
| 8:42 | Chimaera Roost |
| 9:06 | Searing Arrows |
| 9:11 | Chimaera Roost |
| 9:13 | Chimaera Roost |
| 9:15 | Nature's Blessing |
| 9:17 | Wisp |
| 9:17 | Wisp |
| 9:17 | Wisp |
| 9:50 | Wisp |
| 9:53 | Moon Well |
| 9:58 | Moon Well |
| 10:09 | Corrosive Breath |
| 10:10 | Chimaera |
| 10:21 | Scroll of Healing |
| 10:42 | Evasion |
| 10:44 | Periapt of Vitality |
| 11:06 | Chimaera |
| 11:46 | Advanced Reinforced Hides |
| 12:15 | Chimaera |
| 13:06 | Tree of Life |
| 13:38 | Improved Strength of the Wild |
| 13:55 | Moon Well |
| 14:22 | Well Spring |
| 14:30 | Ancient of Wind |
| 14:32 | Ancient of Wind |
| 15:03 | Ancient of Wind |
| 15:34 | Advanced Strength of the Wild |
| 15:53 | Wisp |
| 15:53 | Wisp |
| 15:53 | Wisp |
| 16:11 | Orb of Lightning |
| 17:35 | Moon Well |
| 17:38 | Moon Well |
| 17:59 | Green Dragon |
| 18:00 | Green Drake |
| 19:47 | Hippogryph |
| 19:48 | Hippogryph |
| 19:48 | Hippogryph |
| 19:48 | Hippogryph |
| 19:48 | Hippogryph |
| 20:49 | Tree of Life |
| 21:01 | Hippogryph |
| 21:23 | Strength of the Moon |
| 21:24 | Moon Armor |
| 21:40 | Hippogryph |
| 21:44 | Tree of Life |
| 22:18 | Hippogryph |
| 22:39 | Hippogryph |
| 25:23 | Immolation |
| 26:04 | Tree of Life |
| 30:06 | Ancient of War |
| 31:45 | Glaive Thrower |
| 32:45 | Tree of Ages |
| 33:10 | Flak Cannons |
| 33:12 | Flying Machine |
| 33:12 | Flying Machine |
| 33:12 | Flying Machine |
| 33:12 | Flying Machine |
| 33:12 | Flying Machine |
| 33:13 | Flying Machine |
| 33:13 | Flying Machine |
| 33:20 | Summon Water Elemental |
| 34:35 | Flying Machine Bombs |
| 34:36 | Flying Machine |
| 34:36 | Flying Machine |
| 35:08 | Vorpal Blades |
| 35:25 | Hippogryph |
| 35:25 | Hippogryph |
| 35:25 | Hippogryph |
| 35:25 | Hippogryph |
| Right click | 1318 |
| Select | 432 |
| Select group | 337 |
| Assign group | 183 |
| Use ability | 131 |
| Build/train/purchase | 107 |
| Misc. action | 65 |
| Item give/drop | 4 |
| Remove unit | 2 |
| Minimap ping | 2 |
| Esc | 1 |

| Lesser Clarity Potion | 3 | 210 |
| Potion of Mana | 1 | 200 |
| Orb of Lightning | 1 | 375 |
| Tiny Great Hall | 1 | 600 |
| Scroll of Town Portal | 2 | 700 |
| total: | 8 | 2085g |
| Peon | 19 | 1425 | / | 0 |
| Grunt | 3 | 600 | / | 0 |
| Tauren | 4 | 1120 | / | 320 |
| Demolisher | 10 | 2200 | / | 500 |
| Troll Berserker | 19 | 2660 | / | 380 |
| total: | 55 | 8005g | / | 1200w |
| Watch Tower | 26 | 2860 | / | 2080 |
| Altar of Storms | 1 | 180 | / | 50 |
| Orc Burrow | 6 | 960 | / | 240 |
| Barracks | 2 | 360 | / | 100 |
| Voodoo Lounge | 1 | 130 | / | 30 |
| War Mill | 1 | 205 | / | 0 |
| Tauren Totem | 3 | 405 | / | 465 |
| Stronghold | 1 | 315 | / | 190 |
| Fortress | 1 | 325 | / | 190 |
| total: | 40 | 5100g | / | 2965w |
| 0:03 | Peon |
| 0:04 | Peon |
| 0:04 | Peon |
| 0:19 | Altar of Storms |
| 0:23 | Orc Burrow |
| 0:34 | Barracks |
| 0:38 | Peon |
| 1:01 | Peon |
| 1:08 | Peon |
| 1:17 | Peon |
| 1:36 | Orc Burrow |
| 1:42 | Grunt |
| 1:49 | Peon |
| 2:13 | Voodoo Lounge |
| 2:23 | Feral Spirit |
| 2:29 | Grunt |
| 3:15 | Grunt |
| 3:17 | Stronghold |
| 3:34 | Orc Burrow |
| 3:48 | War Mill |
| 4:15 | Chain Lighting |
| 4:24 | Orc Burrow |
| 5:08 | Steel Armor |
| 5:09 | Steel Melee Weapons |
| 5:25 | Lesser Clarity Potion |
| 5:27 | Lesser Clarity Potion |
| 5:41 | Berserker Strength |
| 5:43 | Fortress |
| 6:27 | Tauren Totem |
| 6:33 | Tauren Totem |
| 6:52 | Feral Spirit |
| 7:00 | Tauren Totem |
| 7:32 | Thorium Melee Weapons |
| 8:05 | Tauren |
| 8:29 | Tauren |
| 8:32 | Pulverize |
| 9:00 | Tauren |
| 10:00 | Orc Burrow |
| 10:02 | Tauren |
| 10:08 | Lesser Clarity Potion |
| 10:10 | Potion of Mana |
| 10:11 | Orb of Lightning |
| 10:28 | Reinforced Defenses |
| 11:42 | Demolisher |
| 11:51 | Barracks |
| 11:56 | Orc Burrow |
| 11:58 | Thorium Armor |
| 12:25 | Peon |
| 12:25 | Peon |
| 12:39 | Peon |
| 12:46 | Tiny Great Hall |
| 13:06 | Watch Tower |
| 13:24 | Watch Tower |
| 13:39 | Peon |
| 13:40 | Peon |
| 13:40 | Peon |
| 14:06 | Watch Tower |
| 14:08 | Peon |
| 14:09 | Peon |
| 14:15 | Watch Tower |
| 14:31 | Watch Tower |
| 14:40 | Demolisher |
| 14:47 | Demolisher |
| 15:05 | Watch Tower |
| 15:09 | Watch Tower |
| 15:16 | Peon |
| 15:21 | Demolisher |
| 15:35 | Berserker Upgrade |
| 16:16 | Peon |
| 16:16 | Peon |
| 16:49 | Troll Berserker |
| 16:51 | Troll Berserker |
| 16:57 | Troll Berserker |
| 16:58 | Troll Berserker |
| 17:16 | Chain Lighting |
| 18:56 | Troll Berserker |
| 18:58 | Demolisher |
| 18:59 | Demolisher |
| 19:00 | Troll Berserker |
| 19:02 | Steel Ranged Weapons |
| 19:44 | Troll Berserker |
| 20:30 | Troll Berserker |
| 20:32 | Demolisher |
| 20:34 | Thorium Ranged Weapons |
| 20:41 | Watch Tower |
| 20:44 | Spiked Barricades |
| 21:32 | Watch Tower |
| 21:35 | Troll Berserker |
| 21:37 | Troll Berserker |
| 22:14 | Arcanite Ranged Weapons |
| 22:17 | Demolisher |
| 22:17 | Troll Berserker |
| 22:38 | Watch Tower |
| 22:53 | Watch Tower |
| 23:16 | Watch Tower |
| 23:25 | Demolisher |
| 23:29 | Arcanite Armor |
| 23:31 | Demolisher |
| 23:35 | Watch Tower |
| 24:02 | Watch Tower |
| 25:26 | Troll Berserker |
| 25:27 | Troll Berserker |
| 25:27 | Troll Berserker |
| 25:33 | Watch Tower |
| 25:35 | Watch Tower |
| 25:39 | Watch Tower |
| 26:02 | Watch Tower |
| 26:07 | Watch Tower |
| 26:13 | Watch Tower |
| 26:19 | Watch Tower |
| 26:26 | Troll Berserker |
| 26:27 | Troll Berserker |
| 26:35 | Burning Oil |
| 26:44 | Watch Tower |
| 26:57 | Watch Tower |
| 27:00 | Watch Tower |
| 27:04 | Watch Tower |
| 27:20 | Troll Berserker |
| 27:21 | Troll Berserker |
| 27:23 | Troll Berserker |
| 27:50 | Scroll of Town Portal |
| 27:51 | Scroll of Town Portal |
| 28:05 | Watch Tower |
| 29:37 | Feral Spirit |
| Select | 679 |
| Right click | 663 |
| Build/train/purchase | 119 |
| Misc. action | 105 |
| Use ability | 25 |
| Esc | 4 |
| Item give/drop | 1 |